 Dungeon Crawl Stone Soup version 0.30.1-9-gdf580d7c3d (webtiles) character file.

Game seed: 12478316527122357491

32 pkoi the Chopper (level 3, -1/31 HPs)
             Began as a Minotaur Gladiator on Sept 30, 2023.
             Slain by a hobgoblin
             ... wielding a +0 war axe
              (9 damage)
             ... on level 2 of the Dungeon.
             The game lasted 00:01:07 (1292 turns).

pkoi the Chopper (Minotaur Gladiator)               Turns: 1292, Time: 00:01:08

Health: -1/31      AC:  3    Str: 19 (20) XL:     3   Next: 8%
Magic:  2/2        EV: 12    Int:  3 (5)  God:
Gold:   58         SH:  0    Dex:  8 (11) Spells: 2/2 levels left

rFire   . . .        a - +0 war axe
rCold   . . .        (no shield)
rNeg    . . .        b - +0 leather armour
rPois   .            c - +0 hat
rElec   .            (no cloak)
rCorr   .            (no gloves)
SInv    .            (no boots)
Will    .....        (no amulet)
Stlth   +            (no ring)
HPRegen 0.25/turn    (no ring)
MPRegen 0.08/turn

%: no passive effects
@: no status effects
A: horns 2, retaliatory headbutt
a: no special abilities


You were on level 2 of the Dungeon.
You visited 1 branch of the dungeon, and saw 2 of its levels.

You collected 58 gold pieces.

Inventory:

Hand Weapons
 a - a +0 war axe (weapon)
Missiles
 d - 3 throwing nets (quivered)
 e - 5 javelins
Armour
 b - a +0 leather armour (worn)
 c - a +0 hat (worn)
Jewellery
 f - a ring of protection from cold
 h - a +6 ring of dexterity
 i - a +6 ring of intelligence
Potions
 g - a potion of heal wounds


   Skills:
 + Level 3.0 Fighting
 + Level 4.0 Axes
 + Level 2.4 Throwing
 + Level 3.7 Dodging


You had 2 spell levels left.
You didn't know any spells.
Your spell library was empty.

Dungeon Overview and Level Annotations

Branches:
Dungeon (2/15)

Altars:


Innate Abilities, Weirdness & Mutations

You have a pair of horns on your head.
You reflexively headbutt those who attack you in melee.


Message History

A frilled lizard is nearby!
A rat comes into view.
The frilled lizard closely misses you.
You closely miss the frilled lizard.
The frilled lizard bites you but does no damage.
You barely miss the rat. You hit the frilled lizard.
You kill the frilled lizard!
The rat misses you.
You slash the rat!
You kill the rat!
No target in view!
No target in view!
No target in view!
There is an open door here.
A hobgoblin comes into view. It is wielding a +0 war axe.
The hobgoblin shouts!
The hobgoblin throws a boomerang.
The boomerang barely misses you.
A hobgoblin is nearby!
A hobgoblin is nearby!
The hobgoblin throws a boomerang.
The boomerang hits you.
The hobgoblin hits you with a +0 war axe!
You barely miss the hobgoblin.
The hobgoblin hits you with a +0 war axe.
You hit the hobgoblin but do no damage.
The hobgoblin hits you with a +0 war axe!
You are too injured to fight recklessly!
You are too injured to fight recklessly!
You are too injured to fight recklessly!
You are too injured to fight recklessly!
You are too injured to fight recklessly!
You are too injured to fight recklessly!
You hit the hobgoblin.
The hobgoblin is heavily wounded.
The hobgoblin completely misses you.
You barely miss the hobgoblin.
The hobgoblin is heavily wounded.
The hobgoblin hits you with a +0 war axe.
* * * LOW HITPOINT WARNING * * *
The hobgoblin hits you with a +0 war axe!
You die...

##.....##.........#
##...#######.#####
##'## #.# #.# #.#
#.# #.# #######.##
#.# .........## #.#
######.....######.#
......g@..........#
######.#.##########
#.### #. .. ##


You could see a hobgoblin.

Vanquished Creatures
  A worm (D:2)
  3 dart slugs (D:1)
  An endoplasm (D:1)
  A giant cockroach (D:1)
  2 goblins
  A hobgoblin (D:1)
  3 kobolds
  3 quokkas
  A ball python (D:1)
  2 bats
  2 frilled lizards (D:2)
  2 rats
22 creatures vanquished.

Notes
Turn   | Place    | Note
-------+----------+-------------------------------------------
     0 | D:1      | pkoi the Minotaur Gladiator began the quest for the Orb.
     0 | D:1      | Reached XP level 1. HP: 18/18 MP: 0/0
   273 | D:1      | Reached XP level 2. HP: 25/25 MP: 1/1
   921 | D:2      | Reached skill level 4 in Axes
  1198 | D:2      | Reached XP level 3. HP: 31/31 MP: 2/2
  1292 | D:2      | Slain by a hobgoblin

Illustrated notes

Levels and vault maps discovered:
D:1:      tarquinn_simple_flora_water_f, layout_rooms, serial_bayou_lagoon_a,
          patterned_corridor
D:2:      layout_loops_corners

Skill      XL: |  1  2 |
---------------+-------+-----
Axes           | 4 |  4.0
Fighting       | 3 |  3.0
Throwing       | |  2.4
Dodging        | |  3.7

Action                     || total
---------------------------++-------
  Melee: War axe           ||    63
         Headbutt          ||    10
    Use: Scroll            ||     3
         Potion            ||     4
 Armour: Leather armour    ||    22
  Dodge: Dodged            ||    42
